 Dungeon Crawl Stone Soup version 0.22-a0-455-ga0624bf (webtiles) character file.

630 pk666 the Conjurer (level 7, 0/36 HPs)
             Began as a Deep Elf Fire Elementalist on June 5, 2018.
             Slain by Duvessa
             ... wielding a +0 short sword
              (18 damage)
             ... on level 4 of the Dungeon.
             The game lasted 00:09:34 (4963 turns).

pk666 the Conjurer (Deep Elf Fire Elementalist)     Turns: 4963, Time: 00:09:35

Health: 0/36       AC:  2    Str:  5    XL:     7   Next: 24%
Magic:  2/17       EV: 13    Int: 22    God:
Gold:   177        SH:  0    Dex: 15    Spells: 9/17 levels left

rFire    . . .     SeeInvis .   (no weapon)
rCold    . . .     Gourm    .   (no shield)
rNeg     . . .     Faith    .   a - +0 robe
rPois    +         Spirit   .   (no helmet)
rElec    .         Reflect  .   (no cloak)
rCorr    .         Harm     .   (no gloves)
MR       .....                  (no boots)
Stlth    ++........             (no amulet)
HPRegen  0.12/turn              k - ring of poison resistance
MPRegen  0.15/turn              (no ring)

@: no status effects
A: no striking features
a: no special abilities


You were on level 4 of the Dungeon.
You were not hungry.

You visited 1 branch of the dungeon, and saw 4 of its levels.

You collected 177 gold pieces.

Inventory:

Armour
 a - a +0 robe (worn)
Jewellery
 k - a ring of poison resistance (left hand)
Scrolls
 b - 2 scrolls of identify {unknown}
 d - 5 scrolls of teleportation {unknown}
 i - 5 scrolls of remove curse {unknown}
 l - 2 scrolls of blinking {unknown}
Potions
 e - 2 potions of flight {unknown}
 f - 2 potions of lignification {unknown}
 g - 4 potions of curing {unknown}
 h - a potion of might {unknown}
 j - 2 potions of heal wounds {unknown}
Comestibles
 c - 3 rations
 m - a chunk of flesh


   Skills:
 - Level 2.4 Dodging
 - Level 2.4 Stealth
 + Level 5.8 Spellcasting
 * Level 6.1 Conjurations
 + Level 5.3 Fire Magic


You had 9 spell levels left.
You knew the following spells:

 Your Spells              Type           Power        Failure   Level  Hunger
a - Flame Tongue          Conj/Fire      ####.        1%          1    None
b - Sticky Flame          Conj/Fire      ####....     9%          4    ####...
c - Conjure Flame         Conj/Fire      ####....     2%          3    ##.....

Your spell library contained the following spells:

 Spells                   Type           Power        Failure   Level  Hunger
 Fireball                 Conj/Fire      ####......   24%         5    #####..
 Throw Flame              Conj/Fire      ####..       1%          2    None
 Inner Flame              Hex/Fire       ###.....     10%         3    ##.....


Dungeon Overview and Level Annotations

Branches:
Dungeon (4/15)
 Temple: D:4-7

Altars:
Cheibriados
Fedhas
Hepliaklqana
Okawaru
Ru
Uskayaw
Xom

Annotations:
D:3 2 transporters
D:4 Duvessa


Message History

Casting: Conjure Flame (safe; 2% risk of failure)
Confirm with . or Enter, or press ? or * to list all spells.
Aiming: Flame Tongue (safe; 1% risk of failure)
Press: ? - help, Shift-Dir - straight line, f - Duvessa
Aim: Duvessa, wielding a short sword and wearing a ring mail (flame, heavily wounded, berserk, fast, unusually strong)
The flame tongue hits Duvessa.
Duvessa appears unharmed.
Duvessa is heavily wounded.
Duvessa is engulfed in blazing flames.
Duvessa hits you with a short sword.
The hound skeleton is engulfed in blazing flames.
You destroy the hound skeleton!
Casting: Flame Tongue (safe; 1% risk of failure)
Confirm with . or Enter, or press ? or * to list all spells.
Aiming: Flame Tongue (safe; 1% risk of failure)
Press: ? - help, Shift-Dir - straight line, f/p - Duvessa
Aim: Duvessa, wielding a short sword and wearing a ring mail (flame, heavily wounded, berserk, fast, unusually strong)
The flame tongue hits Duvessa.
Duvessa is severely wounded.
Duvessa is engulfed in blazing flames.
Duvessa hits you with a short sword!!
Ouch! That really hurt!
You die...

#.# ... #.## #..###### .
####........ .. ............ #..#
####..####### ..[..
####.÷......############...######
................@e§r).).......#..
<.##........#########.........#..
#..#........# ###..########
##.#........# ..... ...
#..........### ....[# ...
###...<........ ###### ##.
##.......#### ..e #.......# ...
#.......# ...


You could see Duvessa (berserk) and a quokka.

Vanquished Creatures
  The ghost of pk666 the Conjurer, an amateur DEFE (D:4)
  The ghost of pk666 the Magician, an amateur DEFE (D:3)
  Dowan (D:4)
  A hound skeleton (D:4)
  Robin (D:2)
  8 gnolls
  10 adders
  A worm (D:3)
  4 dart slugs
  3 leopard geckos
  10 orcs
  2 ball pythons
  5 giant cockroaches
  17 goblins
  2 hobgoblins
  11 jackals
  5 quokkas
  2 bats (D:1)
  8 frilled lizards
  5 kobolds
  5 rats
103 creatures vanquished.

Notes
Turn   | Place    | Note
-------+----------+-------------------------------------------
     0 | D:1      | pk666 the Deep Elf Fire Elementalist began the quest for the Orb.
     0 | D:1      | Reached XP level 1. HP: 10/10 MP: 6/6
   290 | D:1      | Reached XP level 2. HP: 15/15 MP: 2/8
   348 | D:1      | Reached skill level 2 in Conjurations
  1155 | D:1      | Reached XP level 3. HP: 6/19 MP: 0/10
  1765 | D:2      | Found a hazy altar of Hepliaklqana.
  2016 | D:2      | Reached skill level 3 in Conjurations
  2130 | D:2      | Reached XP level 4. HP: 20/24 MP: 5/11
  2279 | D:2      | Learned a level 4 spell: Sticky Flame
  2283 | D:2      | Learned a level 3 spell: Conjure Flame
  2302 | D:2      | Found a hide-covered altar of Uskayaw.
  2389 | D:2      | Found a shimmering altar of Xom.
  2708 | D:2      | Noticed Robin
  2714 | D:2      | Killed Robin
  2944 | D:2      | Found a sacrificial altar of Ru.
  3261 | D:2      | Reached XP level 5. HP: 18/28 MP: 5/13
  3368 | D:2      | Reached skill level 4 in Conjurations
  3713 | D:3      | Found a transporter.
  3949 | D:3      | Noticed pk666's ghost (amateur DEFE)
  3968 | D:3      | Killed pk666's ghost
  3968 | D:3      | Reached skill level 5 in Spellcasting
  3968 | D:3      | Reached XP level 6. HP: 29/32 MP: 4/15
  4086 | D:3      | Found an iron altar of Okawaru.
  4092 | D:3      | Reached skill level 5 in Conjurations
  4393 | D:3      | Found a blossoming altar of Fedhas.
  4452 | D:3      | Found a transporter.
  4536 | D:3      | Found a snail-covered altar of Cheibriados.
  4662 | D:4      | Noticed Duvessa
  4662 | D:4      | Noticed Dowan
  4711 | D:4      | Noticed pk666's ghost (amateur DEFE)
  4727 | D:4      | Killed pk666's ghost
  4727 | D:4      | Reached skill level 5 in Fire Magic
  4727 | D:4      | Reached XP level 7. HP: 13/36 MP: 4/17
  4955 | D:4      | Killed Dowan
  4955 | D:4      | Reached skill level 6 in Conjurations
  4963 | D:4      | Slain by Duvessa

Vault maps used:
D:1:      dpeg_cavernosity
D:2:      lemuel_crystal_altar, lemuel_doored_altar, marbit_many_paths,
          nicolae_ru_the_path_less_chosen, uniq_robin
D:3:      gammafunk_steamed_eel, okawaru_ov_weapons_minmay, old_standard_altar,
          cheibriados_altar_1
D:4:      kiku_gazebo_garden_becter, minmay_temple_entry_glass,
          hangedman_abyss_or_decor_stagger, uniq_duvessa

Skill      XL: |  1  2  3  4  5  6  7 |
---------------+----------------------+-----
Conjurations   | 2 3 4 5 6 |  6.1
Spellcasting   | 4 5 |  5.8
Fire Magic     | 4 5 |  5.3
Dodging        | |  2.4
Stealth        | |  2.4

Action                   |  1- 3 |  4- 6 |  7- 9 || total
-------------------------+-------+-------+-------++-------
Melee: Unarmed           |       |       |     2 ||     2
 Cast: Flame Tongue      |    84 |   144 |    12 ||   240
       Conjure Flame     |       |     4 |     3 ||     7
  Eat: Chunk             |     3 |     8 |     1 ||    12
Armor: Robe              |     5 |     3 |       ||     8
Dodge: Dodged            |    69 |    55 |     3 ||   127

Table legend:
 A = Spawn XP
 B = Non-spawn XP
 C = Spawn XP percentage of total XP
 D = Spawn monster count
 E = Non-spawn monster count
 F = Spawn count percentage of total count
 G = Total turns spent on level
                    A         B        C        D         E        F      G
               +---------+---------+-------+---------+---------+-------+---------
         Total |       0 |     900 |   0.0 |       0 |     103 |   0.0 |  4963
               +---------+---------+-------+---------+---------+-------+---------
           D:1 |       0 |      45 |   0.0 |       0 |      27 |   0.0 |  1665
           D:2 |       0 |     178 |   0.0 |       0 |      36 |   0.0 |  1842
           D:3 |       0 |     345 |   0.0 |       0 |      34 |   0.0 |  1202
           D:4 |       0 |     332 |   0.0 |       0 |       6 |   0.0 |   254
               +---------+---------+-------+---------+---------+-------+---------
